 Dungeon Crawl Stone Soup version 0.23-a0-577-g2b1de94 (webtiles) character file.

67 Lanoc the Skirmisher (level 4, 0/49 HPs)
             Began as an Ogre Chaos Knight on Dec 14, 2018.
             Was a Plaything of Xom.
             Slain by an adder (3 damage)
             ... on level 2 of the Dungeon.
             The game lasted 00:02:13 (975 turns).

Lanoc the Skirmisher (Ogre Chaos Knight)             Turns: 975, Time: 00:02:15

Health: 0/49       AC:  5    Str: 17    XL:     4   Next: 16%
Magic:  4/4        EV: 10    Int: 13    God:    Xom [..*...]
Gold:   29         SH:  0    Dex:  8    Spells: 3/3 levels left

rFire    . . .     SeeInvis .   a - +0 falchion (chaos)
rCold    . . .     Gourm    .   (no shield)
rNeg     . . .     Faith    .   b - +2 robe
rPois    .         Spirit   .   (helmet restricted)
rElec    .         Reflect  .   (no cloak)
rCorr    .         Harm     .   (gloves unavailable)
MR       .....                  (boots unavailable)
Stlth    +.........             (no amulet)
HPRegen  0.16/turn              (no ring)
MPRegen  0.09/turn              (no ring)

@: lethally poisoned (0 -> -3)
A: large, unfitting armour, tough skin 1
a: Renounce Religion


You were on level 2 of the Dungeon.
You worshipped Xom.
You were a toy of Xom.
You were not hungry.

You visited 1 branch of the dungeon, and saw 2 of its levels.

You collected 29 gold pieces.

Inventory:

Hand Weapons
 a - a +0 falchion of chaos (weapon)
Armour
 b - a +2 robe (worn)
Scrolls
 f - 2 scrolls of teleportation {unknown}
 h - 2 scrolls of noise {unknown}
 i - a scroll of identify {unknown}
 j - a scroll of immolation {unknown}
Potions
 d - 2 potions of flight {unknown}
 e - a potion of berserk rage {unknown}
 g - a potion of degeneration {unknown}
 k - 2 potions of might {unknown}
 l - a potion of magic {unknown}
 n - a potion of lignification {unknown}
 o - 2 potions of resistance {unknown}
Comestibles
 c - 5 rations
 m - 5 chunks of flesh


   Skills:
 + Level 4.7 Fighting
 + Level 3.2 Long Blades
 + Level 1.5 Throwing
 + Level 2.7 Dodging


You had 3 spell levels left.
You didn't know any spells.
Your spell library was empty.

Dungeon Overview and Level Annotations

Branches:
Dungeon (2/15)

Altars:
Fedhas


Innate Abilities, Weirdness & Mutations

You are too large for most types of armour.
You have tough skin. (AC +1)


Message History

The adder closely misses you.
You barely miss the adder.
The adder is severely wounded.
The adder bites you.
* * * LOW HITPOINT WARNING * * *
You are poisoned.
The adder poisons you! The adder bites you.
* * * LOW HITPOINT WARNING * * *
The goblin hits you but does no damage.
You closely miss the adder.
The adder is severely wounded.
You feel sick. The adder bites you but does no damage. The goblin hits you.
* * * LOW HITPOINT WARNING * * *
You closely miss the adder.
The adder is severely wounded.
The adder bites you.
* * * LOW HITPOINT WARNING * * *
The goblin closely misses you. The adder bites you.
You die... "What!?
That's it?"

#..........#
..##.......#
# ##.##.#.#
#. #.#.# ..
#.#.# ....
#.#.# ...
#...#
.....#..##
......S@#
......g.#
........#
......#.#
##....#.#
....#.#.#
###.#.#.# #
#.#


You could see an adder and a goblin.

Vanquished Creatures
  3 adders (D:2)
  An ooze (D:1)
  A dart slug (D:1)
  A leopard gecko (D:2)
  7 bats (D:1)
  4 goblins
  4 hobgoblins
  2 jackals (D:1)
  2 kobolds (D:1)
  A quokka (D:2)
  2 frilled lizards
  6 rats
34 creatures vanquished.

Notes
Turn   | Place    | Note
-------+----------+-------------------------------------------
     0 | D:1      | Lanoc the Ogre Chaos Knight began the quest for the Orb.
     0 | D:1      | Reached XP level 1. HP: 24/24 MP: 1/1
    83 | D:1      | Reached XP level 2. HP: 27/32 MP: 2/2
   342 | D:1      | XOM: divination: magic mapping
   405 | D:1      | Reached skill level 1 in Throwing
   407 | D:1      | Reached XP level 3. HP: 39/40 MP: 3/3
   562 | D:1      | XOM: harmless Tmut miscast
   801 | D:2      | Found a blossoming altar of Fedhas.
   925 | D:2      | Reached XP level 4. HP: 19/49 MP: 4/4
   975 | D:2      | Slain by an adder

Vault maps used:
D:1:      dpeg_arrival_solitude, minmay_tetromino_t2
D:2:      chequers_ecumenical_altar_simple_redux, corexii_corridor_pit,
          nrook_mini_vaults, fedhas_altar_fruit_tree, uniq_sigmund

Skill      XL: |  1  2 |
---------------+-------+-----
Throwing       | 1 |  1.5
Long Blades    | 3 |  3.2
Fighting       | |  4.7
Dodging        | |  2.7

Action                   |  1- 3 |  4- 6 || total
-------------------------+-------+-------++-------
Melee: Falchion          |    87 |    18 ||   105
 Stab: Paralysed         |     1 |       ||     1
Armor: Robe              |    54 |     5 ||    59
Dodge: Dodged            |    61 |     7 ||    68
       Rpst.: Falchion   |    25 |     1 ||    26

Table legend:
 A = Non-vault XP
 B = Vault XP
 C = Vault XP percentage of total XP
 D = Non-vault monster count
 E = Vault monster count
 F = Vault count percentage of total count
                 A         B        C        D         E       F
            +---------+---------+-------+---------+---------+-------
      Total |      95 |       1 |   1.0 |      33 |       1 |   2.9
            +---------+---------+-------+---------+---------+-------
        D:1 |      43 |       1 |   2.3 |      23 |       1 |   4.2
        D:2 |      52 |       0 |   0.0 |      10 |       0 |   0.0
            +---------+---------+-------+---------+---------+-------
